 Dungeon Crawl Stone Soup version 0.29.0-4-gdea44cf6ec (webtiles) character file.

Game seed: 17082131799615380664

834 qw the Cleaver (level 7, -25/59 HPs)
             Began as a Minotaur Berserker on Sept 10, 2022.
             Was an Elder of Trog.
             Annihilated by an ogre
             ... wielding a +0 giant club
              (28 damage)
             ... on level 5 of the Dungeon.
             The game lasted 00:02:00 (5312 turns).

qw the Cleaver (Minotaur Berserker)                 Turns: 5312, Time: 00:02:00

Health: -25/59     AC:  8    Str: 23    XL:     7   Next: 66%
Magic:  6/6        EV:  2    Int:  4    God:    Trog [****..]
Gold:   159        SH: 28    Dex: 16    Spells: 6/6 levels left

rFire   + . .      SeeInvis .   Y - +1 war axe
rCold   + . .      Faith    .   b - +18 shield of the Gong {rElec rN+ Will+ EV-5}
rNeg    + . .      Spirit   .   g - +0 chain mail
rPois   .          Reflect  .   (helmet restricted)
rElec   +          Harm     .   k - scarf {rC+ rF+}
rCorr   .          Rampage  .   (no gloves)
Will    +....                   (no boots)
Stlth   ..........              (no amulet)
HPRegen 0.19/turn               l - +6 ring of dexterity
MPRegen 0.10/turn               (no ring)

@: on berserk cooldown, slowed, very slow
A: horns 2, retaliatory headbutt
a: Renounce Religion, Berserk, Trog's Hand, Brothers in Arms


You were on level 5 of the Dungeon.
You worshipped Trog.
Trog was greatly pleased with you.
You visited 1 branch of the dungeon, and saw 5 of its levels.
You also visited: Sewer.

You collected 183 gold pieces.
You spent 24 gold pieces at shops.


Innate Abilities, Weirdness & Mutations

You have a pair of horns on your head.
You reflexively headbutt those who attack you in melee.


   Skills:
 - Level 4.0 Fighting
 + Level 8.7 Axes
 - Level 2.4 Armour
 - Level 2.1 Dodging
 - Level 6.4 Shields


You had 6 spell levels left.
You didn't know any spells.
Your spell library was empty.

Inventory:

Hand Weapons
 d - a +0 flail
 Y - a +1 war axe (weapon)
Armour
 b - the +18 shield of the Gong (worn) {rElec rN+ Will+ EV-5}
   (You found it on level 3 of the Dungeon)

   It is deafeningly noisy when blocking attacks.
   EV:        It affects your evasion (-5).
   rElec:     It insulates you from electricity.
   rN:        It protects you from negative energy.
   Will:      It increases your willpower.
 g - a +0 chain mail (worn)
 k - a scarf of resistance (worn)
Jewellery
 l - a +6 ring of dexterity (left hand)
Scrolls
 c - a scroll of identify
Potions
 e - 5 potions of curing
 f - 2 potions of haste
 h - 2 potions of mutation
 j - a potion of resistance
 n - a potion of lignification {unknown}

Dungeon Overview and Level Annotations

Branches:
Dungeon (5/15)              Sewer (visited)
 Temple: D:4-7

Altars:
Gozag
Uskayaw

Shops:
D:1 *??*


Message History

The ogre hits you with a +0 giant club. You block the adder's attack.
GONNNNG!
You block the orc priest's attack.
GONNNNG!
The adder bites you but does no damage.
You hit the adder.
You kill the adder!
Trog accepts your kill.
You hit the ogre. You completely miss the orc priest.
You block the ogre's attack.
GONNNNG!
The orc priest begins to cast a cantrip, but forgets the words!
An orc comes into view. It is wielding a +0 flail.
The orc priest begins to cast a cantrip, but forgets the words!
You block the ogre's attack.
BOUMMMMG!
You hear an angry hiss.
You hit the orc priest. You headbutt the orc priest.
The orc priest is severely wounded.
You slash the ogre!
The orc priest mumbles some strange prayers to Beogh against you.
Beogh smites you!
The orc priest invokes the aid of Beogh against you.
Pain shoots through your body!
The orc suddenly shouts.
You block the ogre's attack.
PANG!
You block the orc's attack.
GONNNNG!
The orc priest hits you but does no damage.
You hear a bark!
You hear an angry growl.
You slash the orc priest!
You kill the orc priest!
Trog accepts your kill.
You closely miss the ogre. You slash the orc priest!
You block the orc priest's attack.
PTOANNNG!
You block the orc's attack.
GONNNNG!
The ogre hits you with a +0 giant club!!
You die...

.##..# ...... ##
...#..# .#
#.....## #.## # .
#.....[# ... ..
..#......##.##...
..#......)Oo.....
.l#......@).o....
.h#......)o....##
#....<.).....#
#..###........<
#. #.#?###### .
..#.# .....#
######


You could see an ogre, an orc priest and 2 orcs.

Vanquished Creatures
  2 ice beasts (D:5)
  A necrophage (D:4)
  2 bullfrogs (Sewer)
  A hound (D:5)
  3 orc priests
  2 iguanas (D:4)
  4 orc wizards
  3 adders
  5 worms
  2 dart slugs (D:3)
  24 orcs
  5 bats
  14 endoplasms
  14 giant cockroaches
  4 goblins
  3 hobgoblins
  2 jackals (D:1)
  8 kobolds
  11 quokkas
  19 ball pythons
  18 frilled lizards
  8 rats
155 creatures vanquished.

Vanquished Creatures (others)
  A fungus (D:5)
1 creature vanquished.

Grand Total: 156 creatures vanquished

Notes
Turn   | Place    | Note
-------+----------+-------------------------------------------
     0 | D:1      | qw the Minotaur Berserker began the quest for the Orb.
     0 | D:1      | Reached XP level 1. HP: 19/19 MP: 0/0
     0 | D:1      | 0 ||| qw: Version: 0.1-a-116-g5d60599
     0 | D:1      | 0 ||| qw: Game counter: 7533
     0 | D:1      | 0 ||| qw: Always use a shield: true
     0 | D:1      | 0 ||| qw: Do Orc after D:15 true
     0 | D:1      | 0 ||| qw: Do second Lair branch before Depths: true
     0 | D:1      | 0 ||| qw: Lair rune preference: random
     0 | D:1      | 0 ||| qw: Plans: Normal
     0 | D:1      | 0 ||| PLANNING D:1-11
    90 | D:1      | Reached skill level 4 in Axes
   153 | D:1      | Found Iwiefruph's Magic Scroll Boutique.
   160 | D:1      | 160 ||| SHOPLISTING scroll of enchant weapon (90 gold, have
                  | 27).
   160 | D:1      | 160 ||| BUYING scroll of identify (24 gold).
   160 | D:1      | Bought a scroll of identify for 24 gold pieces
   160 | D:1      | 160 ||| SHOPLISTING scroll of identify (24 gold, have 3).
   160 | D:1      | 160 ||| SHOPLISTING scroll of teleportation (36 gold, have
                  | 3).
   196 | D:1      | Found Ciemuk's Magic Scroll Shoppe.
   203 | D:1      | Reached XP level 2. HP: 23/26 MP: 1/1
   235 | D:1      | 235 ||| SHOPLISTING scroll of identify (28 gold, have 3).
   235 | D:1      | 235 ||| SHOPLISTING scroll of teleportation (42 gold, have
                  | 3).
   261 | D:1      | Found a faded altar of an unknown god.
   295 | D:1      | 295 ||| Stepping ~*~*~tactically~*~*~ (stealth).
   298 | D:1      | 298 ||| Stepping ~*~*~tactically~*~*~ (stealth).
   450 | D:1      | Found Wutink's General Store.
   453 | D:1      | 453 ||| SHOPLISTING 2 potions of heal wounds (120 gold,
                  | have 14).
   453 | D:1      | 453 ||| SHOPLISTING potion of haste (120 gold, have 14).
   453 | D:1      | 453 ||| SHOPLISTING potion of mutation (96 gold, have 14).
   697 | D:1      | 697 ||| Stepping ~*~*~tactically~*~*~ (stealth).
   699 | D:1      | 699 ||| Stepping ~*~*~tactically~*~*~ (stealth).
   779 | D:1      | Reached skill level 5 in Axes
   921 | D:1      | Found Dikkuquill's Assorted Antiques.
   924 | D:1      | 924 ||| SHOPLISTING +10 tower shield of Ignorance {rN+
                  | Int-4} (1604 gold, have 18).
   924 | D:1      | 924 ||| SHOPLISTING 2 red potions (50 gold, have 18).
   924 | D:1      | 924 ||| SHOPLISTING amethyst potion (25 gold, have 18).
   924 | D:1      | 924 ||| SHOPLISTING mace (84 gold, have 18).
   924 | D:1      | 924 ||| SHOPLISTING scroll of identify (56 gold, have 18).
   966 | D:1      | 966 ||| UPGRADING to +0 leather armour.
   976 | D:1      | 976 ||| DROPPING +0 animal skin.
   977 | D:1      | 977 ||| UPGRADING to +0 chain mail.
   987 | D:1      | 987 ||| DROPPING +0 leather armour.
   988 | D:1      | 988 ||| UPGRADING to scarf of resistance.
   993 | D:1      | 993 ||| READING scroll labelled ISIMILUASA.
   994 | D:1      | 994 ||| READING scroll labelled VYKHOEMOAP.
   999 | D:1      | 999 ||| READING scroll labelled NAIMNA XOIVOPH.
  1000 | D:1      | 1000 ||| READING 4 scrolls of identify.
  1000 | D:1      | 1000 ||| IDENTIFYING fizzy dark potion
  1001 | D:1      | 1001 ||| READING 3 scrolls of identify.
  1001 | D:1      | 1001 ||| IDENTIFYING murky cyan potion
  1002 | D:1      | 1002 ||| DROPPING potion of berserk rage.
  1021 | D:2      | Reached ** piety under Trog
  1099 | D:2      | 1099 ||| Stepping ~*~*~tactically~*~*~ (stealth).
  1106 | D:2      | Reached XP level 3. HP: 31/31 MP: 2/2
  1156 | D:2      | 1156 ||| Stepping ~*~*~tactically~*~*~ (stealth).
  1188 | D:2      | 1188 ||| DROPPING +0 club.
  1307 | D:2      | 1307 ||| INVOKING Berserk.
  1462 | D:2      | 1462 ||| INVOKING Berserk.
  1603 | D:2      | 1603 ||| DROPPING +0 whip.
  1875 | D:2      | 1875 ||| Stepping ~*~*~tactically~*~*~ (stealth).
  1877 | D:2      | 1877 ||| Stepping ~*~*~tactically~*~*~ (stealth).
  1941 | D:2      | 1941 ||| READING scroll labelled PUZOHO GIUVU.
  1942 | D:2      | 1942 ||| DRINKING 2 amethyst potions.
  1943 | D:2      | 1943 ||| READING 5 scrolls of identify.
  1943 | D:2      | 1943 ||| IDENTIFYING glowing white potion
  1970 | D:3      | 1970 ||| PLANNING SEWER
  2015 | D:3      | 2015 ||| INVOKING Berserk.
  2135 | D:3      | 2135 ||| INVOKING Berserk.
  2138 | D:3      | Reached skill level 6 in Axes
  2138 | D:3      | Reached XP level 4. HP: 39/39 MP: 3/3
  2250 | D:3      | Found a glowing drain.
  2257 | D:3      | Found the +18 shield of the Gong {rElec rN+ Will+ EV-5}
  2264 | Sewer    | Entered a sewer
  2338 | Sewer    | Reached *** piety under Trog
  2366 | Sewer    | 2366 ||| Stepping ~*~*~tactically~*~*~ (water).
  2498 | Sewer    | 2498 ||| Stepping ~*~*~tactically~*~*~ (water).
  2506 | Sewer    | 2506 ||| Stepping ~*~*~tactically~*~*~ (water).
  2555 | Sewer    | 2555 ||| Stepping ~*~*~tactically~*~*~ (water).
  2585 | Sewer    | 2585 ||| Stepping ~*~*~tactically~*~*~ (water).
  2684 | Sewer    | Noticed a bullfrog
  2684 | Sewer    | Noticed a bullfrog
  2685 | Sewer    | 2685 ||| Stepping ~*~*~tactically~*~*~ (water).
  2691 | Sewer    | Killed a bullfrog
  2692 | Sewer    | Reached skill level 7 in Axes
  2692 | Sewer    | Reached XP level 5. HP: 24/45 MP: 4/4
  2693 | Sewer    | Reached skill level 8 in Axes
  2838 | Sewer    | 2838 ||| READING scroll labelled JOOGRI RIVAO.
  2839 | Sewer    | 2839 ||| READING 4 scrolls of identify.
  2839 | Sewer    | 2839 ||| IDENTIFYING bubbling cyan potion
  2854 | D:3      | 2854 ||| PLANNING D:1-11
  2878 | D:3      | 2878 ||| SWAPPING to +0 war axe.
  2879 | D:3      | 2879 ||| DROPPING +0 hand axe.
  3027 | D:3      | 3027 ||| INVOKING Berserk.
  3032 | D:3      | Reached XP level 6. HP: 52/52 MP: 5/5
  3373 | D:3      | 3373 ||| Stepping ~*~*~tactically~*~*~ (hiding).
  3632 | D:3      | 3632 ||| Stepping ~*~*~tactically~*~*~ (stealth).
  4033 | D:3      | 4033 ||| UPGRADING to +18 shield of the Gong {rElec rN+
                  | Will+ EV-5}.
  4038 | D:3      | 4038 ||| READING 2 scrolls labelled BUGY BOPSUGH.
  4039 | D:3      | 4039 ||| READING 3 scrolls of identify.
  4039 | D:3      | 4039 ||| IDENTIFYING cyan potion
  4040 | D:3      | 4040 ||| READING 2 scrolls of identify.
  4040 | D:3      | 4040 ||| IDENTIFYING sedimented emerald potion
  4041 | D:3      | 4041 ||| DROPPING scroll of amnesia.
  4042 | D:3      | 4042 ||| DROPPING potion of brilliance.
  4179 | D:4      | 4179 ||| Stepping ~*~*~tactically~*~*~ (hiding).
  4193 | D:4      | Reached skill level 1 in Shields
  4193 | D:4      | Reached **** piety under Trog
  4232 | D:4      | 4232 ||| FLEEEEING.
  4233 | D:4      | 4233 ||| FLEEEEING.
  4234 | D:4      | 4234 ||| FLEEEEING.
  4237 | D:4      | 4237 ||| FLEEEEING.
  4238 | D:4      | 4238 ||| FLEEEEING.
  4239 | D:4      | 4239 ||| FLEEEEING.
  4240 | D:4      | 4240 ||| FLEEEEING.
  4241 | D:4      | 4241 ||| FLEEEEING.
  4242 | D:4      | 4242 ||| FLEEEEING.
  4243 | D:4      | 4243 ||| FLEEEEING.
  4244 | D:4      | 4244 ||| FLEEEEING.
  4247 | D:4      | 4247 ||| FLEEEEING.
  4248 | D:4      | 4248 ||| FLEEEEING.
  4249 | D:4      | 4249 ||| FLEEEEING.
  4250 | D:4      | 4250 ||| FLEEEEING.
  4251 | D:4      | 4251 ||| FLEEEEING.
  4252 | D:4      | 4252 ||| FLEEEEING.
  4253 | D:4      | 4253 ||| FLEEEEING.
  4258 | D:4      | 4258 ||| FLEEEEING.
  4270 | D:4      | 4270 ||| FLEEEEING.
  4271 | D:4      | 4271 ||| FLEEEEING.
  4272 | D:4      | 4272 ||| FLEEEEING.
  4273 | D:4      | 4273 ||| FLEEEEING.
  4274 | D:4      | 4274 ||| FLEEEEING.
  4275 | D:4      | 4275 ||| FLEEEEING.
  4276 | D:4      | 4276 ||| FLEEEEING.
  4277 | D:4      | 4277 ||| FLEEEEING.
  4278 | D:4      | 4278 ||| FLEEEEING.
  4279 | D:4      | 4279 ||| FLEEEEING.
  4280 | D:4      | 4280 ||| FLEEEEING.
  4281 | D:4      | 4281 ||| FLEEEEING.
  4282 | D:4      | 4282 ||| FLEEEEING.
  4283 | D:4      | 4283 ||| FLEEEEING.
  4284 | D:4      | 4284 ||| FLEEEEING.
  4285 | D:4      | 4285 ||| FLEEEEING.
  4286 | D:4      | 4286 ||| FLEEEEING.
  4287 | D:4      | 4287 ||| FLEEEEING.
  4288 | D:4      | 4288 ||| FLEEEEING.
  4289 | D:4      | 4289 ||| FLEEEEING.
  4290 | D:4      | 4290 ||| FLEEEEING.
  4291 | D:4      | 4291 ||| FLEEEEING.
  4292 | D:4      | 4292 ||| FLEEEEING.
  4293 | D:4      | 4293 ||| FLEEEEING.
  4294 | D:4      | 4294 ||| FLEEEEING.
  4295 | D:4      | 4295 ||| FLEEEEING.
  4296 | D:4      | 4296 ||| FLEEEEING.
  4297 | D:4      | 4297 ||| FLEEEEING.
  4298 | D:4      | 4298 ||| FLEEEEING.
  4299 | D:4      | 4299 ||| STAIRDANCE
  4379 | D:4      | 4379 ||| STAIRDANCE
  4398 | D:4      | 4398 ||| Stepping ~*~*~tactically~*~*~ (stealth).
  4444 | D:4      | Found a hide-covered altar of Uskayaw.
  4450 | D:4      | Found an opulent altar of Gozag.
  4881 | D:4      | 4881 ||| UPGRADING to +6 ring of dexterity.
  4882 | D:4      | 4882 ||| READING scroll labelled PALOKHL GUASHRUN.
  4883 | D:4      | 4883 ||| READING 3 scrolls of identify.
  4883 | D:4      | 4883 ||| IDENTIFYING fuming ruby potion
  4884 | D:4      | 4884 ||| READING 2 scrolls of identify.
  4884 | D:4      | 4884 ||| IDENTIFYING sedimented yellow potion
  4885 | D:4      | 4885 ||| DROPPING potion of magic.
  4886 | D:4      | 4886 ||| DROPPING potion of attraction.
  4903 | D:5      | Entered Level 5 of the Dungeon
  4904 | D:5      | 4904 ||| STAIRDANCE
  4906 | D:4      | 4906 ||| INVOKING Berserk.
  5016 | D:5      | 5016 ||| STAIRDANCE
  5020 | D:4      | 5020 ||| INVOKING Berserk.
  5023 | D:4      | Reached skill level 3 in Shields
  5192 | D:5      | 5192 ||| STAIRDANCE
  5279 | D:5      | 5279 ||| STAIRDANCE
  5283 | D:4      | Reached XP level 7. HP: 59/59 MP: 6/6
  5287 | D:5      | 5287 ||| INVOKING Berserk.
  5303 | D:5      | Reached skill level 6 in Shields
  5308 | D:5      | HP: 11/59 [ogre/+0 giant club (29)]
  5309 | D:5      | 5309 ||| DRINKING potion of heal wounds.
  5311 | D:5      | HP: 4/59 [orc priest/divine providence (15)]
  5312 | D:5      | Annihilated by an ogre

Levels and vault maps discovered:
D:1:      minmay_arrival_jagged, layout_loops_ring, serial_shops, shop, shop,
          nicolae_shop_hallway_stairs, shop, hellmonk_ecumenical_altar_blasted,
          nrook_mini_backslash
D:2:      layout_basic, minmay_lizard_pond
D:3:      layout_basic, cheibrodos_sewer_entry_sluice, roderic_lattice_a
D:4:      layout_loops_cross, mainiacjoe_overflow_catwalk_spiral,
          amcnicky_mini_corridor_feature
D:5:      kennysheep_steamy, layout_rooms, minmay_temple_entry_junction,
          gammafunk_ghost_split, minmay_crystal_water,
          kennysheep_generic_room_12

Skill      XL: |  1  2  3  4  5  6  7 |
---------------+----------------------+-----
Axes           | 4 5 6 7 8 |  8.7
Fighting       | 4 |  4.0
Shields        | 4 6 |  6.4
Armour         | |  2.4
Dodging        | |  2.1

Action                   |  1- 3 |  4- 6 |  7- 9 || total
-------------------------+-------+-------+-------++-------
Melee: Hand axe          |   106 |    80 |       ||   186
       Headbutt          |     9 |    15 |     3 ||    27
       Punch             |       |     1 |       ||     1
       War axe           |       |    90 |    23 ||   113
Invok: Berserk           |     4 |     3 |     1 ||     8
  Use: Scroll            |     7 |     8 |       ||    15
       Potion            |     1 |       |     1 ||     2
Armor: Animal skin       |     4 |       |       ||     4
       Chain mail        |    19 |    68 |    12 ||    99
Dodge: Dodged            |    57 |    41 |     1 ||    99
Block: Kite shield       |       |    73 |    35 ||   108

Table legend:
 A = Non-vault XP
 B = Vault XP
 C = Vault XP percentage of total XP
 D = Non-vault monster count
 E = Vault monster count
 F = Vault count percentage of total count
                 A         B        C        D         E       F
            +---------+---------+-------+---------+---------+-------
      Total |     956 |     280 |  22.7 |     101 |      54 |  34.8
            +---------+---------+-------+---------+---------+-------
        D:1 |      36 |       0 |   0.0 |      25 |       0 |   0.0
        D:2 |      37 |       9 |  19.6 |      16 |       9 |  36.0
        D:3 |     134 |      11 |   7.6 |      26 |       4 |  13.3
        D:4 |     297 |       0 |   0.0 |      23 |       0 |   0.0
        D:5 |     452 |       0 |   0.0 |      11 |       0 |   0.0
      Sewer |       0 |     260 | 100.0 |       0 |      41 | 100.0
            +---------+---------+-------+---------+---------+-------
